 Dungeon Crawl Stone Soup version 0.30-a0-908-g5a111fc481 (webtiles) character file.

Game seed: 1565244291411950184

1673 Nepie the Covert (level 9, -3/43 (46) HPs)
             Began as a Kobold Enchanter on Mar 18, 2023.
             Was an Initiate of Kikubaaqudgha.
             Slain by a wight
             ... wielding a +2 great sword
              (4 damage)
             ... on level 6 of the Dungeon.
             The game lasted 00:17:41 (6061 turns).

Nepie the Covert (Kobold Enchanter)                 Turns: 6061, Time: 00:17:42

HP:   -3/43 (46)    AC:  4    Str:  5    XL:     9   Next: 21%
MP:   9/12          EV: 21    Int: 20    God:    Kikubaaqudgha [......]
Gold: 391           SH:  0    Dex: 16    Spells: 10/12 levels left

rFire   . . .      SeeInvis +    a - +2 dagger
rCold   . . .      Faith    .    (no shield)
rNeg    . . .      Spirit   .    b - +0 robe
rPois   .          Reflect  .    (no helmet)
rElec   .          Rampage  .    u - +0 cloak
rCorr   .                        r - +0 pair of gloves
Will    .....                    (no boots)
Stlth   +++++++                  (no amulet)
HPRegen 0.27/turn                j - +5 ring of evasion
MPRegen 0.13/turn                q - ring of see invisible

@: drained
A: small, no large weapons, nightstalker 3
a: Renounce Religion


You were on level 6 of the Dungeon.
You worshipped Kikubaaqudgha.
Kikubaaqudgha was noncommittal.
You visited 2 branches of the dungeon, and saw 7 of its levels.

You collected 391 gold pieces.

Inventory:

Hand Weapons
 a - a +2 dagger (weapon)
Armour
 b - a +0 robe (worn)
 r - a +0 pair of gloves (worn)
 u - a +0 cloak (worn)
 v - a scarf of shadows
Magical Staves
 y - a staff of poison
Jewellery
 i - a ring of protection from fire
 j - a +5 ring of evasion (left hand)
 q - a ring of see invisible (right hand)
Wands
 p - a wand of paralysis (17)
 w - a wand of iceblast (6)
 B - a wand of polymorph (9)
Scrolls
 h - 3 scrolls of teleportation
 x - a scroll of identify
Potions
 c - a potion of invisibility
 d - a potion of might
 e - 3 potions of lignification
 f - a potion of berserk rage
 g - 3 potions of curing
 k - 2 potions of brilliance
 l - 2 potions of attraction
 m - a potion of magic {unknown}
 n - a potion of heal wounds {unknown}
 o - a potion of mutation {unknown}
 s - 2 potions of haste {unknown}
 t - a potion of resistance
 C - a potion of cancellation {unknown}


   Skills:
 - Level 0.6 Fighting
 + Level 5.1 Short Blades
 + Level 4.1 Dodging
 * Level 13.6 Stealth
 - Level 1.6 Shields
 - Level 2.3 Spellcasting
 - Level 3.3 Hexes
 - Level 1.2 Ice Magic


You had 10 spell levels left.
You knew the following spells:

 Your Spells              Type           Power      Damage    Failure   Level
a - Ensorcelled Hibernat  Hex/Ice        22%        N/A       9%          2

Your spell library contained the following spells:

 Spells                   Type           Power      Damage    Failure   Level
 Freeze                   Ice            28%        1d5       9%          1
 Confusing Touch          Hex            15%        N/A       12%         3
 Tukima's Dance           Hex            15%        N/A       12%         3
 Beastly Appendage        Tmut           4%         N/A       16%         1
 Blink                    Tloc           4%         N/A       22%         2
 Lesser Beckoning         Tloc           4%         N/A       22%         2
 Momentum Strike          Conj/Tloc      4%         3d8       22%         2
 Wereblood                Tmut           2%         N/A       22%         2
 Dazzling Flash           Conj/Hex       18%        N/A       22%         3
 Spider Form              Tmut/Pois      2%         N/A       41%         3
 Ice Form                 Ice/Tmut       4%         N/A       75%         4
 Spellforged Servitor     Conj/Summ      1%         N/A       100%        7
 Summon Hydra             Summ           1%         N/A       100%        7


Dungeon Overview and Level Annotations

Branches:
Dungeon (6/15)             Temple (1/1) D:4

Altars:
Ashenzari
Cheibriados
Fedhas
Gozag
Kikubaaqudgha
Nemelex Xobeh
Qazlal
Ru
Sif Muna
Uskayaw
Vehumet


Innate Abilities, Weirdness & Mutations

You are small and have problems with some larger weapons.
You are completely attuned to the shadows.


Message History

You hit the wight.
The wight is almost destroyed.
The wight closely misses you.
You hit the wight but do no damage.
The wight is almost destroyed.
You hit the wight but do no damage.
The wight is almost destroyed.
The wight misses you.
You hit the wight but do no damage.
The wight is almost destroyed.
The wight misses you.
You hit the wight but do no damage.
The wight is almost destroyed.
The wight completely misses you.
You barely miss the wight.
The wight is almost destroyed.
You hit the wight but do no damage.
The wight is almost destroyed.
The wight barely misses you.
You hit the wight but do no damage.
The wight is almost destroyed.
The wight closely misses you.
You barely miss the wight.
The wight is almost destroyed.
The wight completely misses you.
You hit the wight but do no damage.
The wight is almost destroyed.
You barely miss the wight.
The wight is almost destroyed.
The wight closely misses you.
You hit the wight but do no damage. You punch the wight.
The wight is almost destroyed.
The wight hits you with a +2 great sword.
You hit the wight but do no damage.
The wight is almost destroyed.
The wight hits you with a +2 great sword!!
* * * LOW HITPOINT WARNING * * *
You feel drained.
You die...
Kikubaaqudgha rasps: "You have failed me!
Welcome... death!"

#####.......# #...........##
#.#...........
###.#..#########
......#.)#######.#
####.....)..........#
...#.##############.#
....z.......>.......#
#.#@)##.###..#######
###†#..........# #
......###.#....# # #.#
###.#.## ###.## # #.#
...#..# ......### # #.#
#####..# ........# #
##^########..##........# #
#####.............#........#
#......##########.#####..###


You could see a wight.

Vanquished Creatures
  2 black bears (D:4)
  2 ice beasts
  2 ogres (D:5)
  The ghost of Wahll the Covered, an amateur MeFi (D:3)
  A kobold brigand (D:6)
  Blork the orc (D:4)
  3 scorpions
  4 wights (D:6)
  2 howler monkeys (D:5)
  Crazy Yiuf (D:2)
  A jelly (D:5)
  5 iguanas
  An orc wizard (D:6)
  5 gnolls
  8 adders
  A white imp (D:6)
  3 worms (D:3)
  7 dart slugs
  17 orcs
  7 ball pythons
  5 bats
  8 endoplasms
  2 giant cockroaches
  3 goblins
  4 hobgoblins
  11 jackals
  4 quokkas
  2 frilled lizards
  8 kobolds
  3 rats
124 creatures vanquished.

Vanquished Creatures (others)
  8 plants (D:6)
8 creatures vanquished.

Grand Total: 132 creatures vanquished

Notes
Turn   | Place    | Note
-------+----------+-------------------------------------------
     0 | D:1      | Nepie the Kobold Enchanter began the quest for the Orb.
     0 | D:1      | Reached XP level 1. HP: 10/10 MP: 3/3
   146 | D:1      | Reached XP level 2. HP: 15/15 MP: 5/5
   149 | D:1      | Learned a level 2 spell: Ensorcelled Hibernation
   383 | D:1      | Reached XP level 3. HP: 19/19 MP: 6/6
   939 | D:2      | Found a hide-covered altar of Uskayaw.
  1043 | D:2      | Reached XP level 4. HP: 24/24 MP: 7/7
  1097 | D:2      | Reached skill level 5 in Stealth
  1669 | D:2      | Reached skill level 1 in Shields
  1696 | D:2      | Found a runed translucent door.
  1699 | D:2      | Noticed Crazy Yiuf
  2039 | D:2      | Killed Crazy Yiuf
  2040 | D:2      | Reached XP level 5. HP: 28/28 MP: 8/8
  2428 | D:3      | Reached skill level 6 in Stealth
  2517 | D:3      | Found a runed translucent door.
  2685 | D:3      | Found a snail-covered altar of Cheibriados.
  2888 | D:3      | Reached skill level 1 in Ice Magic
  3128 | D:3      | Got the Disquisition on Creative Hail
  3382 | D:3      | Noticed Wahll's ghost (amateur MeFi)
  3386 | D:3      | Killed Wahll's ghost
  3387 | D:3      | Reached XP level 6. HP: 33/33 MP: 9/9
  3436 | D:4      | Reached skill level 7 in Stealth
  3974 | D:4      | Noticed a black bear
  3977 | D:4      | Killed a black bear
  3978 | D:4      | Reached XP level 7. HP: 37/37 MP: 10/10
  3978 | D:4      | Found a staircase to the Ecumenical Temple.
  4019 | D:4      | Reached skill level 8 in Stealth
  4133 | D:4      | Reached skill level 9 in Stealth
  4313 | D:4      | Noticed Blork the orc
  4317 | D:4      | Killed Blork the orc
  4318 | D:4      | Reached XP level 8. HP: 42/42 MP: 11/11
  4470 | Temple   | Entered the Ecumenical Temple
  4623 | Temple   | Became a worshipper of Kikubaaqudgha
  4838 | D:5      | Entered Level 5 of the Dungeon
  4841 | D:5      | Reached skill level 10 in Stealth
  4876 | D:5      | Reached skill level 11 in Stealth
  5116 | D:5      | Reached skill level 12 in Stealth
  5740 | D:6      | Reached skill level 5 in Short Blades
  5742 | D:6      | Reached XP level 9. HP: 46/46 MP: 12/12
  5765 | D:6      | Reached skill level 13 in Stealth
  6061 | D:6      | HP: 1/45 [wight/+2 great sword (20)]
  6061 | D:6      | Slain by a wight

Illustrated notes

Levels and vault maps discovered:
D:1:      shiori_arrival_maze, layout_basic, corexii_leaking_fountain
D:2:      layout_basic, basic_altar, mrwooster_statue_mirror, minmay_distorted,
          uniq_crazy_yiuf_cottage
D:3:      layout_loops_ring, mainiacjoe_overflow_24_doors,
          ebering_ghost_reflecting_pool
D:4:      layout_loops_ring, minmay_temple_entry_sparse_star, uniq_blork_the_orc
D:5:      layout_rooms
D:6:      layout_basic, nicolae_elyvilon_temple_path,
          nicolae_dithmenos_through_a_glass_darkly, abandoned_shop
Temple:   compressed_dpeg_circular_temple

Skill      XL: |  1  2  3  4  5  6  7  8  9 |
---------------+----------------------------+-----
Dodging        | 3 4 |  4.1
Stealth        | 5 6 7 9 12 13 | 13.6
Shields        | 1 |  1.6
Short Blades   | 2 3 4 5 |  5.1
Ice Magic      | 1 |  1.2
Fighting       | |  0.6
Spellcasting   | |  2.3
Hexes          | |  3.3

Action                     |  1- 3 |  4- 6 |  7- 9 || total
---------------------------+-------+-------+-------++-------
  Melee: Dagger            |    57 |   148 |    87 ||   292
         Punch             |       |     1 |     1 ||     2
   Cast: Ensorcelled Hiber |     5 |    31 |    37 ||    73
  Evoke: Wand              |       |       |     3 ||     3
    Use: Scroll            |     2 |     6 |     6 ||    14
         Potion            |       |     1 |       ||     1
   Stab: Sleeping          |    13 |    44 |    38 ||    95
         Distracted        |       |     1 |       ||     1
         Paralysed         |       |       |     2 ||     2
 Armour: Robe              |     5 |     9 |     6 ||    20
  Dodge: Dodged            |    49 |   134 |    69 ||   252

Table legend: (Time is in decaauts)
 A = Elapsed time spent in this place.
 B = Non-inter-level travel time spent in this place.
 C = Inter-level travel time spent in this place.
 D = Time resting spent in this place.
 E = Time spent auto-exploring this place.
 F = Levels seen in this place.
 G = Mean time per level.
                   A        B        C        D        E       F      G
               +--------+--------+--------+--------+--------+-----+--------+
         Total |   6020 |   5476 |    544 |      0 |   4485 |   7 |  860.0 |
       Dungeon |   5847 |   5335 |    512 |      0 |   4369 |   6 |  974.5 |
        Temple |    172 |    140 |     32 |      0 |    116 |   1 |  172.0 |
               +--------+--------+--------+--------+--------+-----+--------+

Top non-repeatable levels by time:
     D:2: 1407 daAuts
     D:4: 1295 daAuts
     D:3: 1229 daAuts
     D:1: 758 daAuts
     D:5: 686 daAuts
     D:6: 470 daAuts
  Temple: 172 daAuts
